 Dungeon Crawl Stone Soup version 0.22.0 (webtiles) character file.

170 Jupotter the Shield-Bearer (level 5, -6/43 HPs)
             Began as a Formicid Fighter on Aug 12, 2018.
             Was an Initiate of Makhleb.
             Killed by divine providence
             ... invoked by an orc priest
              (13 damage)
             ... on level 3 of the Dungeon.
             The game lasted 00:05:27 (1648 turns).

Jupotter the Shield-Bearer (Formicid Fighter)       Turns: 1648, Time: 00:05:28

Health: -6/43      AC:  9    Str: 20    XL:     5   Next: 80%
Magic:  5/5        EV:  8    Int:  9    God:    Makhleb [......]
Gold:   96         SH:  9    Dex: 10    Spells: 4/4 levels left

rFire    + . .     SeeInvis +   a - +0 long sword
rCold    . . .     Gourm    .   c - +0 shield
rNeg     . . .     Faith    .   i - +2 scale mail {rF+}
rPois    .         Spirit   .   (helmet unavailable)
rElec    .         Reflect  .   (no cloak)
rCorr    .         Harm     .   (no gloves)
MR       .....                  (no boots)
Stlth    ..........             (no amulet)
HPRegen  0.14/turn              (no ring)
MPRegen  0.09/turn              (no ring)

@: no status effects
A: permanent stasis, dig shafts and tunnels, four strong arms, antennae 3
a: Dig, Shaft Self, Renounce Religion


You were on level 3 of the Dungeon.
You worshipped Makhleb.
Makhleb was noncommittal.
You were not hungry.

You visited 1 branch of the dungeon, and saw 3 of its levels.

You collected 96 gold pieces.

Inventory:

Hand Weapons
 a - a +0 long sword (weapon)
Armour
 b - a +0 scale mail
 c - a +0 shield (worn)
 i - a +2 scale mail of fire resistance (worn)
Scrolls
 n - 2 scrolls of fear
Potions
 d - a potion of might
 e - 2 potions of lignification {!q}
 g - a potion of invisibility {unknown}
 j - a potion of berserk rage {unknown}
 k - a potion of haste {unknown}
 l - a potion of flight {unknown}
 m - a potion of degeneration {unknown}
Comestibles
 f - 5 rations
 h - 3 chunks of flesh


   Skills:
 * Level 4.3 Fighting
 * Level 3.2 Long Blades
 + Level 4.2 Armour
 + Level 4.6 Shields
 + Level 1.0 Invocations


You had 4 spell levels left.
You didn't know any spells.
Your spell library was empty.

Dungeon Overview and Level Annotations

Branches:
Dungeon (3/15)

Altars:
Gozag
Makhleb
Trog
Xom

Annotations:
D:3 Jessica


Innate Abilities, Weirdness & Mutations

You cannot be hasted, slowed, berserked, paralysed or teleported.
You can dig through walls and to a lower floor.
Your four strong arms can wield two-handed weapons with a shield.
You have a pair of large antennae on your head. (SInv)


Message History

The orc priest is heavily wounded.
The orc priest hits you with a dagger.
You hit the orc priest.
The orc priest is severely wounded.
The orc priest closely misses you.
The orc priest hits you but does no damage.
You closely miss the orc priest.
The orc priest is severely wounded.
The orc priest calls down the wrath of Beogh upon you.
Beogh smites you!
* * * LOW HITPOINT WARNING * * *
You hit the orc priest.
The orc priest is almost dead.
You block the orc priest's attack.
You hit the orc priest but do no damage.
The orc priest is almost dead.
The orc priest hits you but does no damage.
The orc priest invokes the aid of Beogh against you.
Beogh smites you!
You die...

.@....###.##.#####...
###...†...##.#.. .###
###.###......#.# ...
...>....#....#.# #.## #
........##...#.##...#.#.
........).....)).._....o
.......#####?.#.#$..##.#
........###...#.##.##
(.............#.@oo#
.........##...####.....#
#..###.............#####
..................
...##...##..#..#.## .
......##.........
........<.........
...#######........ ...
#........


You could see an orc priest and an orc wizard.

Vanquished Creatures
  An orc priest (D:3)
  A hound (D:2)
  Terence (D:3)
  2 adders
  4 worms
  A leopard gecko (D:2)
  2 orcs (D:3)
  3 giant cockroaches
  3 goblins (D:1)
  7 hobgoblins
  4 jackals (D:1)
  7 bats
  5 frilled lizards
  6 kobolds
  10 rats
57 creatures vanquished.

Notes
Turn   | Place    | Note
-------+----------+-------------------------------------------
     0 | D:1      | Jupotter the Formicid Fighter began the quest for the Orb.
     0 | D:1      | Reached XP level 1. HP: 18/18 MP: 1/1
   148 | D:1      | Reached XP level 2. HP: 16/24 MP: 2/2
   402 | D:1      | Reached XP level 3. HP: 24/29 MP: 3/3
   983 | D:2      | Found a shimmering altar of Xom.
  1029 | D:2      | Reached XP level 4. HP: 37/37 MP: 4/4
  1241 | D:2      | Found a burning altar of Makhleb.
  1410 | D:2      | Found a bloodstained altar of Trog.
  1454 | D:2      | Became a worshipper of Makhleb the Destroyer
  1523 | D:3      | Reached XP level 5. HP: 36/42 MP: 5/5
  1547 | D:3      | Noticed Terence
  1547 | D:3      | Noticed Jessica
  1583 | D:3      | Killed Terence
  1611 | D:3      | Found an opulent altar of Gozag.
  1641 | D:3      | Reached skill level 1 in Invocations
  1648 | D:3      | Killed from afar by an orc priest

Skill      XL: |  1  2  3  4  5 |
---------------+----------------+-----
Shields        | 4 |  4.6
Fighting       | 4 |  4.3
Armour         | 4 |  4.2
Long Blades    | 3 |  3.2
Invocations    | 1 |  1.0

Action                   |  1- 3 |  4- 6 || total
-------------------------+-------+-------++-------
Melee: Long sword        |   130 |    98 ||   228
  Use: Scroll            |       |     3 ||     3
  Eat: Chunk             |     1 |     2 ||     3
Armor: Scale mail        |    64 |    52 ||   116
Dodge: Dodged            |    38 |    35 ||    73
Block: Shield            |    71 |    58 ||   129
       Rpst.: Long sword |    12 |     8 ||    20
